 Dungeon Crawl Stone Soup version 0.30-a0-394-g3e4acdb0ae (webtiles) character file.

Game seed: 17546493155938916823

65 p00ps00p the Trooper (level 4, -2/40 HPs)
             Began as a Hill Orc Fighter on Dec 7, 2022.
             Killed by nerve-wracking pain
             ... invoked by an orc priest
              (12 damage)
             ... on level 2 of the Dungeon.
             The game lasted 00:01:35 (950 turns).

p00ps00p the Trooper (Hill Orc Fighter)              Turns: 950, Time: 00:01:36

Health: -2/40      AC:  7    Str: 20    XL:     4   Next: 13%
Magic:  4/4        EV:  9    Int:  8    God:
Gold:   198        SH:  4    Dex: 10    Spells: 3/3 levels left

rFire   . . .      SeeInvis .    a - +0 war axe
rCold   . . .      Faith    .    c - +0 buckler
rNeg    . . .      Spirit   .    b - +0 scale mail
rPois   .          Reflect  .    (no helmet)
rElec   .          Harm     .    h - scarf {+Inv}
rCorr   .          Rampage  .    (no gloves)
Will    .....                    (no boots)
Stlth   ..........               (no amulet)
HPRegen 0.26/turn                (no ring)
MPRegen 0.09/turn                (no ring)

@: no status effects
A: no striking features
a: Convert to Beogh, Evoke Invisibility


You were on level 2 of the Dungeon.
You visited 1 branch of the dungeon, and saw 3 of its levels.

You collected 198 gold pieces.

Inventory:

Hand Weapons
 a - a +0 war axe (weapon)
Armour
 b - a +0 scale mail (worn)
 c - a +0 buckler (worn)
 h - a scarf of invisibility (worn)
Scrolls
 e - 3 scrolls of identify {unknown}
 f - a scroll of teleportation {unknown}
 g - a scroll of enchant armour {unknown}
Potions
 d - a potion of might
 i - a potion of cancellation {unknown}


   Skills:
 + Level 4.3 Fighting
 + Level 3.7 Axes
 + Level 3.8 Armour
 + Level 3.9 Shields


You had 3 spell levels left.
You didn't know any spells.
Your spell library contained the following spells:

 Spells                   Type           Power      Damage    Failure   Level
 Sandblast                Erth           0%         2d4       85%         1
 Passwall                 Tmut/Erth      0%         N/A       94%         2
 Stone Arrow              Conj/Erth      0%         3d7       99%         3


Dungeon Overview and Level Annotations

Branches:
Dungeon (3/15)

Altars:


Message History

The magic dart hits you.
The orc priest invokes the aid of Beogh against you.
Beogh smites you!
* * * LOW HITPOINT WARNING * * *
There is a stone staircase leading down, spattered with blood here.
Unknown command.
The orc priest barely misses you.
The orc wizard points at you and mumbles some strange words.
You are more confused.
Unknown command.
The orc priest looks encouraged for a moment.
The orc priest shouts, "Beogh is our master!
Accept the truth or die!"
You hit the orc priest.
The orc priest is moderately wounded.
You hit the orc wizard.
The orc wizard mumbles some strange words.
The orc wizard flickers and vanishes!
Deactivating autopickup; reactivate with Ctrl-A.
The orc priest hits you but does no damage.
Something hits you but does no damage.
The orc priest hits you with a +0 short sword.
* * * LOW HITPOINT WARNING * * *
You hit the orc priest.
The orc priest is moderately wounded.
You barely miss something. Something hits you but does no damage.
The orc priest hits you but does no damage.
Something hits you but does no damage.
The orc priest hits you but does no damage.
The orc priest attacks as you move away!
The orc priest closely misses you.
Found 11 gold pieces.
The orc priest attacks as you move away!
The orc priest barely misses you.
You feel less confused.
Okay, then.
You hit the orc priest.
The orc priest is heavily wounded.
The orc priest calls down the wrath of Beogh upon you.
Pain shoots through your body!
You die...

#.......##..... #.#
+.......##.##.. #.#
#.......##.#... #.#
#..........##+##+#'###
#........#.$.........#
#....................#
#...!...#.....รท......#
#.....!..)>..........#
#....@o...############
#.......### #.......#
#.......# #.......#
#.......# #.......#
#...$...#


You could see an orc priest.

Vanquished Creatures
  2 worms (D:3)
  2 dart slugs
  3 orcs
  5 endoplasms
  6 giant cockroaches (D:1)
  5 hobgoblins
  3 jackals (D:1)
  7 kobolds
  A quokka (D:3)
  4 ball pythons (D:1)
  2 bats (D:2)
  3 frilled lizards (D:1)
  4 rats
47 creatures vanquished.

Vanquished Creatures (others)
  4 fungi (D:1)
  5 toadstools (D:1)
9 creatures vanquished.

Grand Total: 56 creatures vanquished

Notes
Turn   | Place    | Note
-------+----------+-------------------------------------------
     0 | D:1      | p00ps00p the Hill Orc Fighter began the quest for the Orb.
     0 | D:1      | Reached XP level 1. HP: 19/19 MP: 1/1
   173 | D:1      | Reached XP level 2. HP: 27/27 MP: 2/2
   210 | D:1      | Reached skill level 4 in Fighting
   270 | D:1      | Reached XP level 3. HP: 29/33 MP: 3/3
   419 | D:1      | Found a faded altar of an unknown god.
   842 | D:2      | Reached XP level 4. HP: 19/40 MP: 4/4
   950 | D:2      | Killed from afar by an orc priest

Illustrated notes

Levels and vault maps discovered:
D:1:      dpeg_arrival_more_subterranean_lakeside_camping, layout_rooms,
          shapermc_ecumenical_altar_venn, minmay_gold_behind_fungi
D:2:      layout_basic
D:3:      layout_loops_cross, lemuel_crystal_altar, grunt_ministairs_14,
          cheibrodos_gnoll_hut

Skill      XL: |  1  2 |
---------------+-------+-----
Axes           | 3 |  3.7
Fighting       | 4 |  4.3
Armour         | |  3.8
Shields        | |  3.9

Action                   |  1- 3 |  4- 6 || total
-------------------------+-------+-------++-------
Melee: War axe           |    95 |    13 ||   108
Armor: Scale mail        |    66 |     9 ||    75
Dodge: Dodged            |    48 |     8 ||    56
Block: Buckler           |    29 |       ||    29

Table legend: (Time is in decaauts)
 A = Elapsed time spent in this place.
 B = Non-inter-level travel time spent in this place.
 C = Inter-level travel time spent in this place.
 D = Time resting spent in this place.
 E = Time spent auto-exploring this place.
 F = Levels seen in this place.
 G = Mean time per level.
                   A        B        C        D        E       F      G
               +--------+--------+--------+--------+--------+-----+--------+
         Total |    990 |    976 |     14 |    230 |    456 |   3 |  330.0 |
       Dungeon |    990 |    976 |     14 |    230 |    456 |   3 |  330.0 |
               +--------+--------+--------+--------+--------+-----+--------+

Top non-repeatable levels by time:
     D:1: 588 daAuts
     D:3: 270 daAuts
     D:2: 132 daAuts
